Bears vs Penguins
Created - January 14, 2022 at 20:53
Goals
|
| Bears |
0 |
1 |
2 |
3 |
| Penguins |
3 |
0 |
2 |
5 |
|
Shots
|
| Bears |
3 |
12 |
16 |
31 |
| Penguins |
8 |
11 |
9 |
28 |
|
1st period
1. Penguins , Anthony Beauvillier 4 (Vince Hinostroza 8, Frederick Gaudreau 8) at 5:13
2. Penguins , Cedric Paquette 5 (Josh Jooris 11, Andreas Martinsen 7) at 14:12 (PP)
3. Penguins , Frederick Gaudreau 7 (Vince Hinostroza 9) at 19:28
Penalties :
Scott Mayfield (Wil) for Tripping (Minor) at 5:28, Derek Forbort (Her) for Roughing (Minor) at 8:23, Angelo Esposito (Her) for Hooking (Minor) at 11:11, Austin Wuthrich (Her) for High sticking (Minor) at 13:58, Mike Hoffman (Her) for Tripping (Minor) at 14:46
2nd period
4. Bears , Mike Hoffman 7 (Zach Stepan 6, Joey Laleggia 11) at 5:27 (PP)
Penalties :
Iven Barbashev (Wil) for Hooking (Minor) at 4:20, Colby Cave (Her) for Slashing (Minor) at 8:02
3rd period
5. Penguins , Josh Jooris 5 (Scott Mayfield 3, Andreas Martinsen 8) at 3:50 (PP)
6. Bears , Mike Hoffman 8 (Zach Stepan 7, Joey Laleggia 12) at 3:58
7. Penguins , Cedric Paquette 6 (Iven Barbashev 4, Gavin Bayreuther 4) at 12:30
8. Bears , Mike Hoffman 9 (Jake Virtanen 9, Angelo Esposito 13) at 17:52
Penalties :
Gianluca Curcuruto (Her) for Interference (Minor) at 3:37, Andy Andreoff (Wil) for Interference (Minor) at 6:56, Vince Hinostroza (Wil) for Holding (Minor) at 12:36
Goalie Stats
Jake Allen (Her), 23 saves from 28 shots - (0.821), L, 6-7-0, 60:00 minutes
Connor Hellebyuk (Wil), 28 saves from 31 shots - (0.903), W, 6-6-1, 60:00 minutes
Players Stats for Bears
Player Name G A P +/- PIM S H SB GA TA FO MP PP MP PK MP
------------------------------------------------------------------------------------
Angelo Esposito 0 1 1 0 2 0 2 0 0 0 9/16 16:24 2:40 0:19
Austin Poganski 0 0 0 0 0 0 1 0 0 0 0/0 5:21 0:00 0:00
Austin Wuthrich 0 0 0 0 2 2 1 0 3 0 1/1 15:49 2:40 0:00
Brett Bulmer 0 0 0 0 0 0 0 0 0 0 1/2 3:09 0:02 0:00
Colby Cave 0 0 0 -1 2 0 1 0 1 0 2/4 10:39 0:00 0:00
Colton Sceviour 0 0 0 -1 0 3 1 0 1 0 0/1 12:45 0:00 1:29
Derek Forbort 0 0 0 -1 2 2 0 1 0 0 0/0 18:02 2:17 2:38
Emil Johansson 0 0 0 0 0 0 0 0 0 0 0/0 5:09 0:00 0:08
Gianluca Curcuruto 0 0 0 0 2 1 0 0 0 0 0/0 9:16 0:00 0:21
Jake Virtanen 0 1 1 0 0 5 4 0 3 0 4/8 26:06 4:22 4:24
Jakob Lilja 0 0 0 -1 0 5 1 0 0 1 0/0 12:04 0:00 1:25
Jamie McGinn 0 0 0 0 0 2 2 0 1 2 1/2 18:54 2:40 3:02
Jesper Pettersson 0 0 0 0 0 0 0 0 0 0 0/0 0:00 0:00 0:00
Joey Laleggia 0 2 2 0 0 0 3 4 1 1 0/0 27:26 4:47 4:57
Logan O'Connor 0 0 0 0 0 0 0 0 0 0 0/0 0:33 0:02 0:00
Mackenze Stewart 0 0 0 0 0 0 0 0 0 0 0/0 0:27 0:00 0:27
Mike Hoffman 3 0 3 0 2 6 0 0 1 2 1/2 22:54 4:22 3:30
Mikko Vainonen 0 0 0 -1 0 2 0 0 2 0 0/0 18:40 2:17 3:18
Nikolay Prokhorkin 0 0 0 0 0 0 0 0 0 0 0/0 5:21 0:00 0:00
Ryan Graves 0 0 0 0 0 0 0 0 0 1 0/0 4:50 0:00 0:00
Taylor Aronson 0 0 0 0 0 0 0 0 2 0 0/0 27:26 4:47 4:57
Tommy Vannelli 0 0 0 0 0 0 0 0 0 1 0/0 8:45 0:00 0:00
Zach Stepan 0 2 2 0 0 3 2 0 0 0 17/30 21:31 4:24 2:37
Players Stats for Penguins
Player Name G A P +/- PIM S H SB GA TA FO MP PP MP PK MP
------------------------------------------------------------------------------------
Adam Brooks 0 0 0 0 0 0 1 0 0 0 3/5 8:50 0:00 0:00
Andreas Martinsen 0 2 2 0 0 2 0 0 2 0 1/1 17:32 4:30 4:02
Andrew O'Brien 0 0 0 0 0 1 4 1 0 2 0/0 28:27 5:38 4:24
Andy Andreoff 0 0 0 1 2 0 3 0 1 0 2/3 16:54 3:48 1:40
Anthony Beauvillier 1 0 1 0 0 4 2 2 1 2 1/3 18:19 0:05 1:09
Cedric Paquette 2 0 2 1 0 2 1 1 2 0 10/24 19:55 4:27 4:01
Dakota Mermis 0 0 0 1 0 2 1 0 0 1 0/0 19:54 2:45 2:40
Danny Biega 0 0 0 1 0 1 0 1 0 1 0/0 20:22 2:45 3:08
Frederick Gaudreau 1 1 2 0 0 4 3 0 0 0 8/24 22:22 3:48 1:35
Gavin Bayreuther 0 1 1 0 0 2 0 0 0 2 0/0 12:15 0:00 0:44
Iven Barbashev 0 1 1 1 2 3 1 0 0 0 0/0 11:55 0:05 0:00
John Marino 0 0 0 0 0 0 0 0 0 2 0/0 11:39 0:00 0:00
Josh Jooris 1 1 2 0 0 2 0 1 1 1 2/2 13:31 4:30 0:00
Juuso Ikonen 0 0 0 0 0 1 0 0 0 1 0/0 7:04 0:00 0:13
Max Gortz 0 0 0 0 0 2 2 1 1 0 0/0 6:50 0:00 0:00
Scott Mayfield 0 1 1 0 2 0 3 3 0 2 0/0 27:25 5:38 3:12
Tyson Jost 0 0 0 0 0 0 0 0 0 0 1/2 8:50 0:08 1:28
Vince Hinostroza 0 2 2 0 2 2 7 0 0 1 2/2 20:48 3:48 0:00
3 Stars
1 - Cedric Paquette (Wil)
2 - Mike Hoffman (Her)
3 - Frederick Gaudreau (Wil)
Power Play
Bears - 1 on 4 Attempt(s) - 25.00%
Penguins - 2 on 6 Attempt(s) - 33.33%
Penalty Kill
Bears - 4 on 6 Attempt(s) - 66.67%
- Score 0 goal in Penalty Kill
Penguins - 3 on 4 Attempt(s) - 75.00%
- Score 0 goal in Penalty Kill
Team Stat
Bears - Hits : 18 - Faceoff Wins : 36 - Blocked Shots : 5 - Penalty Minutes : 12
Penguins - Hits : 28 - Faceoff Wins : 30 - Blocked Shots : 10 - Penalty Minutes : 8
Official
Referees : Frederick L'Ecuyer and Beaudry Halkidis
Linesman : Matt MacPherson and Andrew Smith
Game Notes
Mike Hoffman has scored a Hat Trick!
Finance
Level 1 -- Attendance: 1677 (83.85%) -- Ticket Income $58,695
Level 2 -- Attendance: 841 (84.10%) -- Ticket Income $12,615
Total Attendance: 2518 (83.93%)
Total Ticket Income: $71,310
Other Income: $3,566
Total Income: $74,876
Bears
5 vs 5 Forward
Center Left Wing Right Wing Time % Phy DF OF
1 Zach Stepan Mike Hoffman Jake Virtanen 40 1 2 2
2 Angelo Esposito Jamie McGinn Austin Wuthrich 30 1 2 2
3 Colby Cave Jakob Lilja Colton Sceviour 20 1 2 2
4 Jake Virtanen Nikolay Prokhorkin Austin Poganski 10 1 2 2
5 vs 5 Defense
Defense Defense Time % Phy DF OF
1 Joey Laleggia Taylor Aronson 40 1 2 2
2 Mikko Vainonen Derek Forbort 30 1 2 2
3 Gianluca Curcuruto Tommy Vannelli 20 1 2 2
4 Emil Johansson Ryan Graves 10 1 2 2
PowerPlay Forward
Center Left Wing Right Wing Time % Phy DF OF
1 Zach Stepan Mike Hoffman Jake Virtanen 60 1 2 2
2 Angelo Esposito Jamie McGinn Austin Wuthrich 40 1 2 2
PowerPlay Defense
Defense Defense Time % Phy DF OF
1 Joey Laleggia Taylor Aronson 60 1 2 2
2 Mikko Vainonen Derek Forbort 40 1 2 2
Penalty Kill 4 Players Forward
Center Wing Time % Phy DF OF
1 Jake Virtanen Mike Hoffman 60 1 2 2
2 Jamie McGinn Zach Stepan 40 1 2 2
Penalty Kill 4 Players Defense
Defense Defense Time % Phy DF OF
1 Joey Laleggia Taylor Aronson 60 1 2 2
2 Mikko Vainonen Derek Forbort 40 1 2 2
Penalty Kill - 3 Players Forward
Forward Time % Phy DF OF
1 Jake Virtanen 60 1 2 2
2 Mike Hoffman 40 1 2 2
Penalty Kill - 3 Players Defense
Defense Defense Time % Phy DF OF
1 Joey Laleggia Taylor Aronson 60 1 2 2
2 Mikko Vainonen Derek Forbort 40 1 2 2
4 vs 4 Forward
Center Wing Time % Phy DF OF
1 Jake Virtanen Mike Hoffman 60 1 2 2
2 Jamie McGinn Zach Stepan 40 1 2 2
4 vs 4 Defense
Defense Defense Time % Phy DF OF
1 Joey Laleggia Taylor Aronson 60 1 2 2
2 Mikko Vainonen Derek Forbort 40 1 2 2
Last Minutes Offensive
Center Left Wing Right Wing Defense Defense
Zach Stepan Mike Hoffman Jake Virtanen Joey Laleggia Taylor Aronson
Last Minutes Defensive
Center Left Wing Right Wing Defense Defense
Zach Stepan Mike Hoffman Jake Virtanen Joey Laleggia Taylor Aronson
Goaltenders
Starting : Jake Allen
Backup : Joni Ortio
Extra Forwards
Normal : Brett Bulmer, Logan O'Connor, Colton Sceviour - PP : Brett Bulmer, Logan O'Connor - PK : Colton Sceviour
Extra Defensemen
Normal : Jesper Pettersson, Mackenze Stewart, Gianluca Curcuruto - PP : Jesper Pettersson - PK : Mackenze Stewart, Gianluca Curcuruto
Penalty Shots
Jake Virtanen, Mike Hoffman, Jamie McGinn, Zach Stepan, Angelo Esposito
Scratches
Michael Prapavessis (Healthy), Vincent Dunn (Bruised Left Leg Injury), Jakob Stenqvist (Healthy), Arvid Henrikson (Healthy)
Penguins
5 vs 5 Forward
Center Left Wing Right Wing Time % Phy DF OF
1 Frederick Gaudreau Anthony Beauvillier Vince Hinostroza 40 1 2 2
2 Cedric Paquette Andy Andreoff Iven Barbashev 30 1 2 2
3 Adam Brooks Andreas Martinsen Josh Jooris 20 1 2 2
4 Tyson Jost Juuso Ikonen Max Gortz 10 1 2 2
5 vs 5 Defense
Defense Defense Time % Phy DF OF
1 Scott Mayfield Andrew O'Brien 40 1 2 2
2 Dakota Mermis Danny Biega 30 1 2 2
3 Gavin Bayreuther John Marino 20 1 2 2
4 Scott Mayfield Andrew O'Brien 10 1 2 2
PowerPlay Forward
Center Left Wing Right Wing Time % Phy DF OF
1 Cedric Paquette Andreas Martinsen Josh Jooris 60 1 2 2
2 Frederick Gaudreau Andy Andreoff Vince Hinostroza 40 1 2 2
PowerPlay Defense
Defense Defense Time % Phy DF OF
1 Scott Mayfield Andrew O'Brien 60 1 2 2
2 Dakota Mermis Danny Biega 40 1 2 2
Penalty Kill 4 Players Forward
Center Wing Time % Phy DF OF
1 Cedric Paquette Andreas Martinsen 60 1 2 2
2 Frederick Gaudreau Andy Andreoff 40 1 2 2
Penalty Kill 4 Players Defense
Defense Defense Time % Phy DF OF
1 Scott Mayfield Andrew O'Brien 60 1 2 2
2 Dakota Mermis Danny Biega 40 1 2 2
Penalty Kill - 3 Players Forward
Forward Time % Phy DF OF
1 Cedric Paquette 60 1 2 2
2 Frederick Gaudreau 40 1 2 2
Penalty Kill - 3 Players Defense
Defense Defense Time % Phy DF OF
1 Scott Mayfield Andrew O'Brien 60 1 2 2
2 Dakota Mermis Danny Biega 40 1 2 2
4 vs 4 Forward
Center Wing Time % Phy DF OF
1 Cedric Paquette Andreas Martinsen 60 1 2 2
2 Frederick Gaudreau Andy Andreoff 40 1 2 2
4 vs 4 Defense
Defense Defense Time % Phy DF OF
1 Scott Mayfield Andrew O'Brien 60 1 2 2
2 Dakota Mermis Danny Biega 40 1 2 2
Last Minutes Offensive
Center Left Wing Right Wing Defense Defense
Cedric Paquette Andreas Martinsen Josh Jooris Scott Mayfield Andrew O'Brien
Last Minutes Defensive
Center Left Wing Right Wing Defense Defense
Cedric Paquette Andreas Martinsen Josh Jooris Scott Mayfield Andrew O'Brien
Goaltenders
Starting : Connor Hellebyuk
Backup : Anthony Stolarz
Extra Forwards
Normal : Cedric Paquette, Frederick Gaudreau, Iven Barbashev - PP : Cedric Paquette, Frederick Gaudreau - PK : Cedric Paquette
Extra Defensemen
Normal : Danny Biega, Gavin Bayreuther, John Marino - PP : Danny Biega - PK : Danny Biega, Gavin Bayreuther
Penalty Shots
Andreas Martinsen, Josh Jooris, Andy Andreoff, Vince Hinostroza, Cedric Paquette
Scratches
Brett Pollock (Healthy), Curtis Hamilton (Healthy), Denis Malgin (Healthy), Josh Ho-Sang (Healthy), Matthew Finn (Healthy)
Raphael Bussieres (Healthy), Sam Kurker (Healthy), Steven Spinner (Healthy), German Rubtsov (Healthy)
% Time on Ice - Bears
Lines # - Real PCT - Wanted PCT - Time Play
Normal Forward
1 - 34% - 40% - 15:22
2 - 30% - 30% - 13:14
3 - 24% - 20% - 10:36
4 - 12% - 10% - 5:21
Normal Defense
1 - 40% - 40% - 17:42
2 - 30% - 30% - 13:16
3 - 20% - 20% - 8:45
4 - 11% - 10% - 4:50
PP Forward
1 - 62% - 60% - 4:24
2 - 38% - 40% - 2:40
PP Defense
1 - 68% - 60% - 4:47
2 - 32% - 40% - 2:17
PK Forward
1 - 69% - 60% - 5:46
2 - 31% - 40% - 2:37
PK Defense
1 - 59% - 60% - 4:57
2 - 41% - 40% - 3:26
PK3 Forward
1 - 0% - 60%
2 - 0% - 40%
PK3 Defense
1 - 0% - 60%
2 - 0% - 40%
44 Forward
1 - 0% - 60%
2 - 0% - 40%
44 Defense
1 - 0% - 60%
2 - 0% - 40%
Last Minute Offensive - 0:00
Last Minute Defensive - 0:00
Total
Forward - 60:00
Defense - 60:00
|
% Time on Ice - Penguins
Lines # - Real PCT - Wanted PCT - Time Play
Normal Forward
1 - 39% - 40% - 17:23
2 - 26% - 30% - 11:30
3 - 20% - 20% - 8:50
4 - 15% - 10% - 6:50
Normal Defense
1 - 41% - 40% - 18:07
2 - 33% - 30% - 14:29
3 - 26% - 20% - 11:31
4 - 1% - 10% - 0:26
PP Forward
1 - 55% - 60% - 4:35
2 - 45% - 40% - 3:48
PP Defense
1 - 67% - 60% - 5:38
2 - 33% - 40% - 2:45
PK Forward
1 - 78% - 60% - 5:29
2 - 22% - 40% - 1:35
PK Defense
1 - 67% - 60% - 4:42
2 - 33% - 40% - 2:22
PK3 Forward
1 - 0% - 60%
2 - 0% - 40%
PK3 Defense
1 - 0% - 60%
2 - 0% - 40%
44 Forward
1 - 0% - 60%
2 - 0% - 40%
44 Defense
1 - 0% - 60%
2 - 0% - 40%
Last Minute Offensive - 0:00
Last Minute Defensive - 0:00
Total
Forward - 60:00
Defense - 60:00
|
Play-by-Play
1st period
0:01 of 1st period - Frederick Gaudreau wins face-off versus Zach Stepan in neutral zone.
0:51 of 1st period - Wrist shot by Jakob Lilja.
0:51 of 1st period - Shot Misses the Net.
1:10 of 1st period - Slapshot by Jake Virtanen.
1:10 of 1st period - Shot Misses the Net.
1:12 of 1st period - Slapshot by Derek Forbort.
1:12 of 1st period - Shot Blocked by Max Gortz.
2:07 of 1st period - Danny Biega is hit by Colby Cave.
2:25 of 1st period - Tommy Vannelli is hit by Dakota Mermis and loses puck.
2:44 of 1st period - Snap shot by Vince Hinostroza.
2:44 of 1st period - Deflect By Frederick Gaudreau.
2:44 of 1st period - Stopped by Jake Allen without a rebound.
2:45 of 1st period - Frederick Gaudreau wins face-off versus Angelo Esposito in Bears zone.
3:15 of 1st period - Snap shot by Jakob Lilja.
3:15 of 1st period - Shot Misses the Net.
4:13 of 1st period - Danny Biega is hit by Jake Virtanen and loses puck.
5:13 of 1st period - Slapshot by Anthony Beauvillier.
5:13 of 1st period - Goal by Anthony Beauvillier - Bears : 0 - Penguins : 1.
5:14 of 1st period - Zach Stepan wins face-off versus Frederick Gaudreau in neutral zone.
5:28 of 1st period - Minor Penalty to Scott Mayfield for Tripping.
5:29 of 1st period - Zach Stepan wins face-off versus Cedric Paquette in Penguins zone.
7:14 of 1st period - Joey Laleggia is hit by Anthony Beauvillier.
7:28 of 1st period - Penalty to Scott Mayfield is over, Scott Mayfield is back on ice.
7:47 of 1st period - Scott Mayfield is hit by Jakob Lilja and loses puck.
7:56 of 1st period - Colton Sceviour is hit by Scott Mayfield and loses puck.
8:23 of 1st period - Minor Penalty to Derek Forbort for Roughing.
8:24 of 1st period - Josh Jooris wins face-off versus Jake Virtanen in Bears zone.
8:59 of 1st period - Icing by Vince Hinostroza.
9:00 of 1st period - Cedric Paquette wins face-off versus Jamie McGinn in Penguins zone.
10:17 of 1st period - Snap shot by Jakob Lilja.
10:17 of 1st period - Stopped by Connor Hellebyuk with a rebound.
10:23 of 1st period - Penalty to Derek Forbort is over, Derek Forbort is back on ice.
10:33 of 1st period - Slapshot by Jamie McGinn.
10:33 of 1st period - Deflect By Angelo Esposito.
10:33 of 1st period - Shot Misses the Net.
10:33 of 1st period - Puck is out of play.
10:34 of 1st period - Angelo Esposito wins face-off versus Tyson Jost in Penguins zone.
10:35 of 1st period - Slapshot by Jamie McGinn.
10:35 of 1st period - Stopped by Connor Hellebyuk without a rebound.
10:36 of 1st period - Austin Wuthrich wins face-off versus Adam Brooks in Penguins zone.
10:39 of 1st period - Slapshot by Austin Wuthrich.
10:39 of 1st period - Shot Misses the Net.
10:41 of 1st period - Snap shot by Austin Wuthrich.
10:41 of 1st period - Shot Misses the Net.
10:59 of 1st period - Jamie McGinn is hit by Andy Andreoff and loses puck.
11:11 of 1st period - Minor Penalty to Angelo Esposito for Hooking.
11:12 of 1st period - Mike Hoffman wins face-off versus Cedric Paquette in Bears zone.
11:38 of 1st period - Andrew O'Brien is hit by Joey Laleggia and loses puck.
12:14 of 1st period - Wrist shot by Frederick Gaudreau.
12:14 of 1st period - Stopped by Jake Allen without a rebound.
12:15 of 1st period - Jamie McGinn wins face-off versus Cedric Paquette in Bears zone.
12:37 of 1st period - Snap shot by Zach Stepan.
12:37 of 1st period - Shot Misses the Net.
13:11 of 1st period - Penalty to Angelo Esposito is over, Angelo Esposito is back on ice.
13:34 of 1st period - Snap shot by Max Gortz.
13:34 of 1st period - Shot Misses the Net.
13:51 of 1st period - Off-side.
13:52 of 1st period - Adam Brooks wins face-off versus Angelo Esposito in neutral zone.
13:58 of 1st period - Minor Penalty to Austin Wuthrich for High sticking.
13:59 of 1st period - Cedric Paquette wins face-off versus Jake Virtanen in Bears zone.
14:12 of 1st period - Snap shot by Josh Jooris.
14:12 of 1st period - Deflect By Cedric Paquette.
14:12 of 1st period - Goal by Cedric Paquette - Bears : 0 - Penguins : 2.
14:13 of 1st period - Frederick Gaudreau wins face-off versus Zach Stepan in neutral zone.
14:17 of 1st period - Off-side.
14:18 of 1st period - Zach Stepan wins face-off versus Frederick Gaudreau in neutral zone.
14:21 of 1st period - Slapshot by Mike Hoffman.
14:21 of 1st period - Deflect By Zach Stepan.
14:21 of 1st period - Shot Misses the Net.
14:21 of 1st period - Puck is out of play.
14:22 of 1st period - Zach Stepan wins face-off versus Frederick Gaudreau in Penguins zone.
14:33 of 1st period - Slapshot by Mike Hoffman.
14:33 of 1st period - Stopped by Connor Hellebyuk without a rebound.
14:34 of 1st period - Anthony Beauvillier wins face-off versus Zach Stepan in Penguins zone.
14:46 of 1st period - Minor Penalty to Mike Hoffman for Tripping.
14:47 of 1st period - Jake Virtanen wins face-off versus Cedric Paquette in Bears zone.
14:47 of 1st period - Jake Virtanen is hit by Scott Mayfield.
14:58 of 1st period - Jake Virtanen is hit by Andrew O'Brien and loses puck.
15:13 of 1st period - Andrew O'Brien is hit by Jake Virtanen and loses puck.
15:56 of 1st period - Joey Laleggia is hit by Frederick Gaudreau and loses puck.
16:46 of 1st period - Penalty to Mike Hoffman is over, Mike Hoffman is back on ice.
16:47 of 1st period - Mike Hoffman is hit by Iven Barbashev and loses puck.
17:43 of 1st period - Slapshot by Nikolay Prokhorkin.
17:43 of 1st period - Shot Hit the Post.
18:10 of 1st period - Ryan Graves is hit by Andrew O'Brien.
18:22 of 1st period - Snap shot by Andrew O'Brien.
18:22 of 1st period - Stopped by Jake Allen with a rebound.
19:20 of 1st period - Icing by Ryan Graves.
19:21 of 1st period - Tyson Jost wins face-off versus Angelo Esposito in Bears zone.
19:22 of 1st period - Snap shot by Max Gortz.
19:22 of 1st period - Stopped by Jake Allen without a rebound.
19:23 of 1st period - Frederick Gaudreau wins face-off versus Zach Stepan in Bears zone.
19:24 of 1st period - Wrist shot by Vince Hinostroza.
19:24 of 1st period - Shot Misses the Net.
19:26 of 1st period - Snap shot by Frederick Gaudreau.
19:26 of 1st period - Shot Misses the Net.
19:28 of 1st period - Wrist shot by Frederick Gaudreau.
19:28 of 1st period - Deflect By Mike Hoffman.
19:28 of 1st period - Goal by Frederick Gaudreau - Bears : 0 - Penguins : 3.
19:29 of 1st period - Zach Stepan wins face-off versus Anthony Beauvillier in neutral zone.
19:44 of 1st period - Snap shot by Frederick Gaudreau.
19:44 of 1st period - Stopped by Jake Allen with a rebound.
19:56 of 1st period - Icing by Taylor Aronson.
19:57 of 1st period - Josh Jooris wins face-off versus Zach Stepan in Bears zone.
Goals for this period are 0 for Bears vs 3 for Penguins.
Shots for this period are 3 for Bears vs 8 for Penguins.
2nd period
0:01 of 2nd period - Zach Stepan wins face-off versus Cedric Paquette in neutral zone.
0:26 of 2nd period - Jamie McGinn is hit by Vince Hinostroza and loses puck.
0:31 of 2nd period - Wrist shot by Frederick Gaudreau.
0:31 of 2nd period - Shot Misses the Net.
0:33 of 2nd period - Snap shot by Vince Hinostroza.
0:33 of 2nd period - Stopped by Jake Allen with a rebound.
0:35 of 2nd period - Snap shot by Anthony Beauvillier.
0:35 of 2nd period - Shot Misses the Net.
0:37 of 2nd period - Slapshot by Dakota Mermis.
0:37 of 2nd period - Stopped by Jake Allen without a rebound.
0:38 of 2nd period - Jake Virtanen wins face-off versus Frederick Gaudreau in Bears zone.
0:43 of 2nd period - Wrist shot by Vince Hinostroza.
0:43 of 2nd period - Shot Misses the Net.
0:53 of 2nd period - Snap shot by Jake Virtanen.
0:53 of 2nd period - Shot Misses the Net.
1:05 of 2nd period - Snap shot by Iven Barbashev.
1:05 of 2nd period - Stopped by Jake Allen without a rebound.
1:06 of 2nd period - Cedric Paquette wins face-off versus Angelo Esposito in Bears zone.
1:11 of 2nd period - Slapshot by Iven Barbashev.
1:11 of 2nd period - Shot Misses the Net.
1:13 of 2nd period - Slapshot by Andy Andreoff.
1:13 of 2nd period - Deflect By Iven Barbashev.
1:13 of 2nd period - Stopped by Jake Allen without a rebound.
1:14 of 2nd period - Zach Stepan wins face-off versus Frederick Gaudreau in Bears zone.
1:14 of 2nd period - Zach Stepan is hit by Vince Hinostroza.
1:19 of 2nd period - Taylor Aronson is hit by Vince Hinostroza and loses puck.
2:03 of 2nd period - Wrist shot by Colton Sceviour.
2:03 of 2nd period - Stopped by Connor Hellebyuk without a rebound.
2:04 of 2nd period - Zach Stepan wins face-off versus Adam Brooks in Penguins zone.
2:12 of 2nd period - Snap shot by Zach Stepan.
2:12 of 2nd period - Shot Blocked by Josh Jooris.
2:14 of 2nd period - Slapshot by Derek Forbort.
2:14 of 2nd period - Stopped by Connor Hellebyuk with a rebound.
2:16 of 2nd period - Backhand shot by Zach Stepan.
2:16 of 2nd period - Shot Misses the Net.
2:35 of 2nd period - Snap shot by Austin Wuthrich.
2:35 of 2nd period - Shot Blocked by Anthony Beauvillier.
2:55 of 2nd period - Iven Barbashev is hit by Austin Poganski and loses puck.
4:02 of 2nd period - Anthony Beauvillier is hit by Jake Virtanen and loses puck.
4:11 of 2nd period - Snap shot by Vince Hinostroza.
4:11 of 2nd period - Deflect By Frederick Gaudreau.
4:11 of 2nd period - Shot Blocked by Derek Forbort.
4:11 of 2nd period - Puck is out of play.
4:12 of 2nd period - Andy Andreoff wins face-off versus Colby Cave in Bears zone.
4:20 of 2nd period - Minor Penalty to Iven Barbashev for Hooking.
4:21 of 2nd period - Cedric Paquette wins face-off versus Zach Stepan in Penguins zone.
4:31 of 2nd period - Wrist shot by Taylor Aronson.
4:31 of 2nd period - Shot Misses the Net.
4:33 of 2nd period - Snap shot by Mike Hoffman.
4:33 of 2nd period - Stopped by Connor Hellebyuk without a rebound.
4:34 of 2nd period - Zach Stepan wins face-off versus Cedric Paquette in Penguins zone.
5:05 of 2nd period - Slapshot by Taylor Aronson.
5:05 of 2nd period - Shot Misses the Net.
5:07 of 2nd period - Snap shot by Taylor Aronson.
5:07 of 2nd period - Shot Blocked by Scott Mayfield.
5:23 of 2nd period - Snap shot by Jake Virtanen.
5:23 of 2nd period - Shot Misses the Net.
5:25 of 2nd period - Slapshot by Joey Laleggia.
5:25 of 2nd period - Deflect By Zach Stepan.
5:25 of 2nd period - Stopped by Connor Hellebyuk with a rebound.
5:27 of 2nd period - Snap shot by Zach Stepan.
5:27 of 2nd period - Deflect By Mike Hoffman.
5:27 of 2nd period - Goal by Mike Hoffman - Bears : 1 - Penguins : 3.
5:28 of 2nd period - Angelo Esposito wins face-off versus Frederick Gaudreau in neutral zone.
5:35 of 2nd period - Vince Hinostroza is hit by Angelo Esposito and loses puck.
6:03 of 2nd period - Jakob Lilja is hit by Andy Andreoff and loses puck.
6:27 of 2nd period - Snap shot by Max Gortz.
6:27 of 2nd period - Shot Misses the Net.
6:29 of 2nd period - Wrist shot by Max Gortz.
6:29 of 2nd period - Stopped by Jake Allen without a rebound.
6:30 of 2nd period - Angelo Esposito wins face-off versus Frederick Gaudreau in Bears zone.
6:30 of 2nd period - Angelo Esposito is hit by Vince Hinostroza.
7:58 of 2nd period - Wrist shot by Anthony Beauvillier.
7:58 of 2nd period - Stopped by Jake Allen without a rebound.
7:59 of 2nd period - Colby Cave wins face-off versus Frederick Gaudreau in Bears zone.
7:59 of 2nd period - Colby Cave is hit by Frederick Gaudreau.
8:02 of 2nd period - Minor Penalty to Colby Cave for Slashing.
8:03 of 2nd period - Andreas Martinsen wins face-off versus Jake Virtanen in Bears zone.
10:02 of 2nd period - Penalty to Colby Cave is over, Colby Cave is back on ice.
11:01 of 2nd period - Snap shot by Colton Sceviour.
11:01 of 2nd period - Stopped by Connor Hellebyuk without a rebound.
11:02 of 2nd period - Colby Cave wins face-off versus Anthony Beauvillier in Penguins zone.
11:05 of 2nd period - Snap shot by Colton Sceviour.
11:05 of 2nd period - Shot Misses the Net.
11:07 of 2nd period - Wrist shot by Mikko Vainonen.
11:07 of 2nd period - Shot Blocked by Andrew O'Brien.
11:09 of 2nd period - Slapshot by Derek Forbort.
11:09 of 2nd period - Shot Misses the Net.
11:11 of 2nd period - Slapshot by Derek Forbort.
11:11 of 2nd period - Deflect By Jakob Lilja.
11:11 of 2nd period - Stopped by Connor Hellebyuk with a rebound.
11:13 of 2nd period - Slapshot by Jakob Lilja.
11:13 of 2nd period - Shot Misses the Net.
11:15 of 2nd period - Wrist shot by Jakob Lilja.
11:15 of 2nd period - Stopped by Connor Hellebyuk with a rebound.
11:27 of 2nd period - Jamie McGinn is hit by Andy Andreoff and loses puck.
11:48 of 2nd period - Scott Mayfield is hit by Zach Stepan and loses puck.
12:43 of 2nd period - Backhand shot by Anthony Beauvillier.
12:43 of 2nd period - Stopped by Jake Allen with a rebound.
13:03 of 2nd period - Wrist shot by Andreas Martinsen.
13:03 of 2nd period - Stopped by Jake Allen with a rebound.
13:08 of 2nd period - Icing by Mike Hoffman.
13:09 of 2nd period - Zach Stepan wins face-off versus Cedric Paquette in Bears zone.
13:32 of 2nd period - Snap shot by Zach Stepan.
13:32 of 2nd period - Stopped by Connor Hellebyuk without a rebound.
13:33 of 2nd period - Frederick Gaudreau wins face-off versus Angelo Esposito in Penguins zone.
13:37 of 2nd period - Off-side.
13:38 of 2nd period - Angelo Esposito wins face-off versus Frederick Gaudreau in neutral zone.
14:05 of 2nd period - Off-side.
14:06 of 2nd period - Cedric Paquette wins face-off versus Zach Stepan in neutral zone.
15:43 of 2nd period - Snap shot by Josh Jooris.
15:43 of 2nd period - Shot Misses the Net.
16:42 of 2nd period - Snap shot by Gavin Bayreuther.
16:42 of 2nd period - Stopped by Jake Allen with a rebound.
17:27 of 2nd period - Derek Forbort is hit by Cedric Paquette.
17:42 of 2nd period - Mike Hoffman is hit by Vince Hinostroza and loses puck.
17:53 of 2nd period - Gavin Bayreuther is hit by Colton Sceviour and loses puck.
18:00 of 2nd period - Colton Sceviour is hit by Max Gortz and loses puck.
18:42 of 2nd period - Wrist shot by Mikko Vainonen.
18:42 of 2nd period - Stopped by Connor Hellebyuk without a rebound.
18:43 of 2nd period - Zach Stepan wins face-off versus Cedric Paquette in Penguins zone.
18:52 of 2nd period - Backhand shot by Gavin Bayreuther.
18:52 of 2nd period - Stopped by Jake Allen with a rebound.
19:08 of 2nd period - Slapshot by Vince Hinostroza.
19:08 of 2nd period - Stopped by Jake Allen without a rebound.
19:09 of 2nd period - Zach Stepan wins face-off versus Frederick Gaudreau in Bears zone.
19:09 of 2nd period - Zach Stepan is hit by Anthony Beauvillier.
19:12 of 2nd period - Icing by Jake Virtanen.
19:13 of 2nd period - Zach Stepan wins face-off versus Frederick Gaudreau in Bears zone.
19:18 of 2nd period - Snap shot by Jake Virtanen.
19:18 of 2nd period - Stopped by Connor Hellebyuk without a rebound.
19:19 of 2nd period - Frederick Gaudreau wins face-off versus Mike Hoffman in Penguins zone.
19:19 of 2nd period - Frederick Gaudreau is hit by Zach Stepan.
19:25 of 2nd period - Mike Hoffman is hit by Andrew O'Brien.
19:33 of 2nd period - Snap shot by Jake Virtanen.
19:33 of 2nd period - Stopped by Connor Hellebyuk with a rebound.
19:49 of 2nd period - Slapshot by Vince Hinostroza.
19:49 of 2nd period - Shot Blocked by Joey Laleggia.
19:51 of 2nd period - Snap shot by Vince Hinostroza.
19:51 of 2nd period - Shot Misses the Net.
Goals for this period are 1 for Bears vs 0 for Penguins.
Shots for this period are 12 for Bears vs 11 for Penguins.
3rd period
0:01 of 3rd period - Frederick Gaudreau wins face-off versus Zach Stepan in neutral zone.
0:26 of 3rd period - Iven Barbashev is hit by Austin Wuthrich and loses puck.
0:31 of 3rd period - Slapshot by Austin Wuthrich.
0:31 of 3rd period - Stopped by Connor Hellebyuk with a rebound.
0:33 of 3rd period - Slapshot by Mikko Vainonen.
0:33 of 3rd period - Stopped by Connor Hellebyuk without a rebound.
0:34 of 3rd period - Angelo Esposito wins face-off versus Cedric Paquette in Penguins zone.
0:35 of 3rd period - Wrist shot by Jamie McGinn.
0:35 of 3rd period - Shot Blocked by Cedric Paquette.
0:45 of 3rd period - Wrist shot by Andy Andreoff.
0:45 of 3rd period - Shot Misses the Net.
0:47 of 3rd period - Slapshot by Dakota Mermis.
0:47 of 3rd period - Stopped by Jake Allen without a rebound.
0:48 of 3rd period - Zach Stepan wins face-off versus Frederick Gaudreau in Bears zone.
0:53 of 3rd period - Snap shot by Frederick Gaudreau.
0:53 of 3rd period - Deflect By Anthony Beauvillier.
0:53 of 3rd period - Stopped by Jake Allen without a rebound.
0:54 of 3rd period - Jake Virtanen wins face-off versus Frederick Gaudreau in Bears zone.
1:16 of 3rd period - Icing by Zach Stepan.
1:17 of 3rd period - Zach Stepan wins face-off versus Cedric Paquette in Bears zone.
1:43 of 3rd period - Danny Biega is hit by Jake Virtanen and loses puck.
1:51 of 3rd period - Icing by Dakota Mermis.
1:52 of 3rd period - Frederick Gaudreau wins face-off versus Zach Stepan in Penguins zone.
1:57 of 3rd period - Snap shot by Frederick Gaudreau.
1:57 of 3rd period - Shot Misses the Net.
2:10 of 3rd period - Wrist shot by Anthony Beauvillier.
2:10 of 3rd period - Shot Misses the Net.
2:32 of 3rd period - Slapshot by Jake Virtanen.
2:32 of 3rd period - Shot Blocked by Anthony Beauvillier.
2:34 of 3rd period - Snap shot by Derek Forbort.
2:34 of 3rd period - Shot Misses the Net.
2:36 of 3rd period - Snap shot by Derek Forbort.
2:36 of 3rd period - Shot Misses the Net.
2:38 of 3rd period - Snap shot by Jake Virtanen.
2:38 of 3rd period - Stopped by Connor Hellebyuk with a rebound.
2:40 of 3rd period - Wrist shot by Jake Virtanen.
2:40 of 3rd period - Shot Misses the Net.
2:42 of 3rd period - Wrist shot by Jake Virtanen.
2:42 of 3rd period - Stopped by Connor Hellebyuk without a rebound.
2:43 of 3rd period - Angelo Esposito wins face-off versus Cedric Paquette in Penguins zone.
2:50 of 3rd period - Snap shot by Austin Wuthrich.
2:50 of 3rd period - Shot Blocked by Scott Mayfield.
3:08 of 3rd period - Taylor Aronson is hit by Max Gortz and loses puck.
3:37 of 3rd period - Minor Penalty to Gianluca Curcuruto for Interference.
3:38 of 3rd period - Jake Virtanen wins face-off versus Cedric Paquette in Bears zone.
3:48 of 3rd period - Wrist shot by Scott Mayfield.
3:48 of 3rd period - Shot Blocked by Joey Laleggia.
3:50 of 3rd period - Snap shot by Josh Jooris.
3:50 of 3rd period - Goal by Josh Jooris - Bears : 1 - Penguins : 4.
3:51 of 3rd period - Zach Stepan wins face-off versus Frederick Gaudreau in neutral zone.
3:56 of 3rd period - Wrist shot by Mike Hoffman.
3:56 of 3rd period - Stopped by Connor Hellebyuk with a rebound.
3:58 of 3rd period - Snap shot by Zach Stepan.
3:58 of 3rd period - Deflect By Mike Hoffman.
3:58 of 3rd period - Goal by Mike Hoffman - Bears : 2 - Penguins : 4.
3:59 of 3rd period - Zach Stepan wins face-off versus Cedric Paquette in neutral zone.
4:24 of 3rd period - Angelo Esposito is hit by Scott Mayfield and loses puck.
4:35 of 3rd period - Scott Mayfield is hit by Jamie McGinn and loses puck.
5:17 of 3rd period - Snap shot by Juuso Ikonen.
5:17 of 3rd period - Stopped by Jake Allen without a rebound.
5:18 of 3rd period - Vince Hinostroza wins face-off versus Angelo Esposito in Bears zone.
5:31 of 3rd period - Snap shot by Vince Hinostroza.
5:31 of 3rd period - Shot Blocked by Joey Laleggia.
5:33 of 3rd period - Slapshot by Dakota Mermis.
5:33 of 3rd period - Shot Misses the Net.
6:09 of 3rd period - Jakob Lilja is hit by Adam Brooks.
6:15 of 3rd period - Wrist shot by Andreas Martinsen.
6:15 of 3rd period - Stopped by Jake Allen with a rebound.
6:53 of 3rd period - Snap shot by Jake Virtanen.
6:53 of 3rd period - Stopped by Connor Hellebyuk without a rebound.
6:54 of 3rd period - Andy Andreoff wins face-off versus Zach Stepan in Penguins zone.
6:56 of 3rd period - Minor Penalty to Andy Andreoff for Interference.
6:57 of 3rd period - Cedric Paquette wins face-off versus Zach Stepan in Penguins zone.
7:07 of 3rd period - Andreas Martinsen is hit by Joey Laleggia.
8:56 of 3rd period - Penalty to Andy Andreoff is over, Andy Andreoff is back on ice.
9:59 of 3rd period - Snap shot by Frederick Gaudreau.
9:59 of 3rd period - Shot Misses the Net.
10:01 of 3rd period - Slapshot by Danny Biega.
10:01 of 3rd period - Stopped by Jake Allen without a rebound.
10:02 of 3rd period - Brett Bulmer wins face-off versus Frederick Gaudreau in Bears zone.
10:02 of 3rd period - Brett Bulmer is hit by Andrew O'Brien.
10:18 of 3rd period - Nikolay Prokhorkin is hit by Vince Hinostroza and loses puck.
10:34 of 3rd period - Icing by Brett Bulmer.
10:35 of 3rd period - Adam Brooks wins face-off versus Brett Bulmer in Bears zone.
11:08 of 3rd period - Snap shot by Mike Hoffman.
11:08 of 3rd period - Shot Misses the Net.
11:40 of 3rd period - Snap shot by Colton Sceviour.
11:40 of 3rd period - Stopped by Connor Hellebyuk with a rebound.
11:58 of 3rd period - Gavin Bayreuther is hit by Joey Laleggia.
12:28 of 3rd period - Snap shot by Iven Barbashev.
12:28 of 3rd period - Stopped by Jake Allen with a rebound.
12:30 of 3rd period - Snap shot by Cedric Paquette.
12:30 of 3rd period - Goal by Cedric Paquette - Bears : 2 - Penguins : 5.
12:31 of 3rd period - Angelo Esposito wins face-off versus Frederick Gaudreau in neutral zone.
12:33 of 3rd period - Joey Laleggia is hit by Vince Hinostroza and loses puck.
12:36 of 3rd period - Minor Penalty to Vince Hinostroza for Holding.
12:37 of 3rd period - Cedric Paquette wins face-off versus Zach Stepan in Penguins zone.
12:49 of 3rd period - Off-side.
12:50 of 3rd period - Cedric Paquette wins face-off versus Zach Stepan in neutral zone.
13:03 of 3rd period - Snap shot by Zach Stepan.
13:03 of 3rd period - Stopped by Connor Hellebyuk with a rebound.
13:05 of 3rd period - Snap shot by Jake Virtanen.
13:05 of 3rd period - Shot Misses the Net.
13:15 of 3rd period - Andrew O'Brien is hit by Angelo Esposito and loses puck.
13:24 of 3rd period - Snap shot by Angelo Esposito.
13:24 of 3rd period - Shot Hit the Post.
14:10 of 3rd period - Dakota Mermis is hit by Jamie McGinn and loses puck.
14:36 of 3rd period - Penalty to Vince Hinostroza is over, Vince Hinostroza is back on ice.
14:47 of 3rd period - Wrist shot by Jakob Lilja.
14:47 of 3rd period - Stopped by Connor Hellebyuk without a rebound.
14:48 of 3rd period - Vince Hinostroza wins face-off versus Colton Sceviour in Penguins zone.
15:18 of 3rd period - Wrist shot by Josh Jooris.
15:18 of 3rd period - Stopped by Jake Allen without a rebound.
15:19 of 3rd period - Angelo Esposito wins face-off versus Andy Andreoff in Bears zone.
15:30 of 3rd period - Wrist shot by Austin Wuthrich.
15:30 of 3rd period - Stopped by Connor Hellebyuk with a rebound.
15:32 of 3rd period - Wrist shot by Jamie McGinn.
15:32 of 3rd period - Shot Blocked by Danny Biega.
17:11 of 3rd period - Slapshot by Nikolay Prokhorkin.
17:11 of 3rd period - Shot Misses the Net.
17:13 of 3rd period - Snap shot by Gianluca Curcuruto.
17:13 of 3rd period - Deflect By Gavin Bayreuther.
17:13 of 3rd period - Stopped by Connor Hellebyuk without a rebound.
17:14 of 3rd period - Cedric Paquette wins face-off versus Jake Virtanen in Penguins zone.
17:16 of 3rd period - Icing by Iven Barbashev.
17:17 of 3rd period - Angelo Esposito wins face-off versus Cedric Paquette in Penguins zone.
17:18 of 3rd period - Slapshot by Taylor Aronson.
17:18 of 3rd period - Deflect By Jamie McGinn.
17:18 of 3rd period - Stopped by Connor Hellebyuk without a rebound.
17:19 of 3rd period - Cedric Paquette wins face-off versus Angelo Esposito in Penguins zone.
17:26 of 3rd period - Slapshot by Iven Barbashev.
17:26 of 3rd period - Shot Blocked by Joey Laleggia.
17:50 of 3rd period - Snap shot by Mike Hoffman.
17:50 of 3rd period - Shot Blocked by Scott Mayfield.
17:52 of 3rd period - Snap shot by Jake Virtanen.
17:52 of 3rd period - Deflect By Mike Hoffman.
17:52 of 3rd period - Goal by Mike Hoffman - Bears : 3 - Penguins : 5.
17:53 of 3rd period - Adam Brooks wins face-off versus Colby Cave in neutral zone.
17:58 of 3rd period - Snap shot by Andreas Martinsen.
17:58 of 3rd period - Shot Misses the Net.
18:04 of 3rd period - Snap shot by Jakob Lilja.
18:04 of 3rd period - Stopped by Connor Hellebyuk with a rebound.
18:26 of 3rd period - Jake Virtanen is hit by Frederick Gaudreau and loses puck.
19:00 of 3rd period - Wrist shot by Derek Forbort.
19:00 of 3rd period - Deflect By Andy Andreoff.
19:00 of 3rd period - Stopped by Connor Hellebyuk with a rebound.
Goals for this period are 2 for Bears vs 2 for Penguins.
Shots for this period are 16 for Bears vs 9 for Penguins.